[Event "*** Titled Tuesday Blitz"]
[Site "Chess.com"]
[Date "2020.11.24"]
[Round "6"]
[White "GM_LOADING"]
[Black "Rainmond"]
[Result "0-1"]
[WhiteElo "2491"]
[BlackElo "2782"]
[TimeControl "180+1"]
[EndTime "11:20:44 PST"]
[Termination "Rainmond won by resignation"]

1. e4 Nf6 2. e5 Nd5 3. d4 d6 4. Nf3 g6 5. Bc4 Nb6 6. Bb3 Bg7 7. O-O O-O 8. exd6 cxd6 9. c3 Nc6 10. h3 h6 11. Bf4 Na5 12. Bc2 Qc7 13. Re1 Nd5 14.
Bd2 b5 15. Na3 Rb8 16. Be4 Nf6 17. Bd3 Nc4 18. Nxc4 bxc4 19. Bc2 Rxb2 20. Qc1 Rxc2 21. Qxc2 Bf5 22. Qc1 Kh7 23. Bf4 Nd5 24. Bg3 Rb8 25.
Nd2 Bd3 26. Qa3 f5 27. f3 f4 28. Bf2 g5 29. Ne4 Rb5 30. h4 Kg6 31. hxg5 hxg5 32. Qc1 Qa5 33. Nxd6 exd6 34. Re6+ Bf6 0-1

[Event "*** Titled Tuesday Blitz"]
[Site "Chess.com"]
[Date "2020.11.24"]
[Round "6"]
[White "northridgehawk"]
[Black "2346PL"]
[Result "0-1"]
[WhiteElo "2301"]
[BlackElo "2437"]
[TimeControl "180+1"]
[EndTime "11:20:44 PST"]
[Termination "2346PL won by resignation"]

1. e4 c5 2. Nf3 e6 3. d4 cxd4 4. Nxd4 a6 5. c4 Qc7 6. Nc3 Nc6 7. Nc2 Nf6 8. Be2 Bd6 9. f4 Bxf4 10. Bxf4 Qxf4 11.
Qd3 O-O 12. Rf1 Qh6 13. g4 Qh4+ 14. Kd2 d5 15. cxd5 exd5 16. exd5 Ne5 17. Qd4 Qg5+ 18. Ne3 Bxg4 19. Rxf6 Qxf6 20. Nxg4 Nxg4 21. Qxg4 b5 22. Rg1 b4 23. Ne4 Qxb2+ 24. Ke1 f5 25. Qg5 fxe4 26. Rg4 e3 27. Rd4 Qxd4 0-1

[Event "*** Titled Tuesday Blitz"]
[Site "Chess.com"]
[Date "2020.11.24"]
[Round "6"]
[White "Chopper1905"]
[Black "kasparicy"]
[Result "1-0"]
[WhiteElo "2958"]
[BlackElo "2400"]
[TimeControl "180+1"]
[EndTime "11:20:46 PST"]
[Termination "Chopper1905 won by resignation"]

1. e4 c5 2. Nf3 d6 3. d4 cxd4 4. Nxd4 Nf6 5. Nc3 a6 6. Be3 e6 7. g4 b5 8. g5 Nfd7 9. Bg2 Bb7 10. O-O Be7 11. f4 O-O 12. Qg4 Nc5 13. a3 Nbd7 14. Rad1 Rc8 15. f5 Ne5 16. Qg3 Kh8 17. Kh1 exf5 18. exf5 Bxg2+ 19. Qxg2 Rg8 20. Nd5 Na4 21. Bc1 Nb6 22. Nxe7 Qxe7 23. f6 gxf6 24. Nf5 Qf8 25. Rxd6 Rg6 26. Rxb6 1-0

[Event "*** Titled Tuesday Blitz"]
[Site "Chess.com"]
[Date "2020.11.24"]
[Round "6"]
[White "VerdeNotte"]
[Black "Nikolakis2014"]
[Result "1-0"]
[WhiteElo "2909"]
[BlackElo "2715"]
[TimeControl "180+1"]
[EndTime "11:20:47 PST"]
[Termination "VerdeNotte won by resignation"]

1. c4 Nf6 2. g3 g6 3. Bg2 Bg7 4. b3 O-O 5. Bb2 d6 6. Nf3 e5 7.
d4 e4 8. Nfd2 e3 9. fxe3 Re8 10.
Nf1 c5 11. dxc5 Qa5+ 12. Bc3 Qxc5 13. Nbd2 Nc6 14. a3 Bf5 15. b4 Qb6 16. h3 Re7 17. g4 Bd7 18. g5 Nh5 19. Bxg7 Nxg7 20. Ne4 Rxe4 21. Bxe4 Re8 22. Qxd6 Rxe4 23. Qxd7 Nf5 24.
c5 Qb5 25. Qd3 Rc4 26. Nd2 Ne5 27. Qd8+ Kg7 28. Qf6+ 1-0

[Event "*** Titled Tuesday Blitz"]
[Site "Chess.com"]
[Date "2020.11.24"]
[Round "6"]
[White "Shuvalov"]
[Black "Pelopidass"]
[Result "0-1"]
[WhiteElo "2460"]
[BlackElo "2589"]
[TimeControl "180+1"]
[EndTime "11:20:53 PST"]
[Termination "Pelopidass won by checkmate"]

1. Nf3 Nf6 2. c4 g6 3. Nc3 Bg7 4. e4 d6 5. d4 O-O 6. Be2 e5 7. O-O Nc6 8. d5 Ne7 9. Ne1 Ne8 10. f3 f5 11. g4 Nf6 12. Nd3 f4 13. h4 c5 14. Bd2 Rb8 15. a3 a6 16. b4 b6 17. Rb1 Bd7 18. Kh2 Nexd5 19. cxd5 Nxg4+ 20. Kg2 Qxh4 21. Rh1 Qg3+ 22. Kf1 c4 23. fxg4 f3 24. Nf2 fxe2+ 25. Qxe2 Bxg4 26. Qe1 Rxf2+ 27. Qxf2 Rf8 28. Qxf8+ Bxf8 29. Be1 Qf3+ 30. Kg1 Qe3+ 31. Kh2 Bh6 32. Rg1 Bf4+ 33. Bg3 Qxc3 34. Bxf4 Qh3# 0-1

[Event "*** Titled Tuesday Blitz"]
[Site "Chess.com"]
[Date "2020.11.24"]
[Round "6"]
[White "niki_2003"]
[Black "picturesquecheck"]
[Result "1/2-1/2"]
[WhiteElo "1995"]
[BlackElo "2109"]
[TimeControl "180+1"]
[EndTime "11:20:53 PST"]
[Termination "Game drawn by repetition"]

1. d4 Nf6 2. c4 e6 3. Nf3 d5 4. g3 Bb4+ 5. Bd2 Be7 6. Bg2 O-O 7. b3 b6 8. O-O Bb7 9. Nc3 Nbd7 10. Bf4 Rc8 11. Nb5 a6 12. Nxc7 Rxc7 13. Bxc7 Qxc7 14. Rc1 Qd6 15. Nd2 Ba8 16. e3 Rc8 17. a3 Ne4 18.
Nxe4 dxe4 19. c5 Qd5 20. b4 h6 21. Qa4 Qb7 22. c6 Rxc6 23. Bxe4 Nb8 24. Bxc6 Nxc6 25. Rc2 Nxd4 26. f3 Nxc2 27. Qxc2 Bf6 28. e4 b5 29. Kg2 Qc6 30. Rc1 Qxc2+ 31. Rxc2 Kh7 32. Rc8 Bb7 33. Rc7 Ba8 34. Rc8 Bb7 35. Rc7 Ba8 36. Rc8 1/2-1/2

[Event "*** Titled Tuesday Blitz"]
[Site "Chess.com"]
[Date "2020.11.24"]
[Round "6"]
[White "bratkoo"]
[Black "GregShahade"]
[Result "1-0"]
[WhiteElo "2521"]
[BlackElo "2711"]
[TimeControl "180+1"]
[EndTime "11:20:54 PST"]
[Termination "bratkoo won by resignation"]

1. e4 e5 2. Bc4 Nf6 3. d3 Nc6 4. Nc3 Bc5 5. Nge2 Ng4 6. d4 exd4 7. Na4 Bb4+ 8. c3 dxc3 9. O-O O-O 10. Naxc3 d6 11.
Bb3 Bc5 12. h3 Nge5 13. Kh1 Be6 14. f4 Nd7 15. Bc2 f6 16. b3 Kh8 17. Bb2 Qe7 18. Ng3 Rae8 19. a3 a5 20. Nd5 Qd8 21. Qh5 Bf7 22. Qh4 Ne7 23. e5 Ng6 24. Bxg6 Bxg6 25.
exf6 Nxf6 26. Nxf6 gxf6 27. f5 1-0

[Event "*** Titled Tuesday Blitz"]
[Site "Chess.com"]
[Date "2020.11.24"]
[Round "6"]
[White "GianmarcoVaR"]
[Black "smshk35"]
[Result "1-0"]
[WhiteElo "2607"]
[BlackElo "2476"]
[TimeControl "180+1"]
[EndTime "11:20:54 PST"]
[Termination "GianmarcoVaR won by resignation"]

1. d4 Nf6 2. Nf3 g6 3. Bg5 Bg7 4.
Nbd2 d5 5. c3 O-O 6. e3 c5 7.
dxc5 Nbd7 8. Nb3 a5 9. a4 Qc7 10. Bxf6 Nxf6 11. Qd4 Bg4 12. Qe5 Qc8 13. Bb5 Bxf3 14.
gxf3 e6 15. h4 Ne4 16. Qh2 Nxc5 17. Nxc5 Qxc5 18. h5 Bxc3+ 19. Kf1 g5 20. Rc1 Be5 21.
Rxc5 Bxh2 22. Rxh2 Rfc8 23. Rxc8+ Rxc8 24. h6 Rc2 25.
Rg2 f6 26. f4 Rxb2 27. fxg5 f5 28. g6 hxg6 29. Rxg6+ Kf7 30. h7 Rb1+ 31. Kg2 1-0

[Event "*** Titled Tuesday Blitz"]
[Site "Chess.com"]
[Date "2020.11.24"]
[Round "6"]
[White "Dave_ChessMate"]
[Black "Fy_Rakotomaharo"]
[Result "0-1"]
[WhiteElo "2461"]
[BlackElo "2691"]
[TimeControl "180+1"]
[EndTime "11:20:59 PST"]
[Termination "Fy_Rakotomaharo won by resignation"]

1. d4 c6 2. c4 d5 3. Nc3 Nf6 4. Nf3 g6 5. Bg5 Bg7 6. e3 O-O 7. Be2 Ne4 8. Nxe4 dxe4 9. Nd2 c5 10. Nb3 cxd4 11. exd4 a5 12. a4 Nc6 13. Be3 f5 14. d5 f4 15. dxc6 fxe3 16. fxe3 Bxb2 17. Qxd8 Rxd8 18.
Rd1 Bc3+ 19. Kf2 Rf8+ 20. Kg1 bxc6 21. Nd4 Bd7 22. c5 Rab8 23. Bc4+ Kh8 24. Nb3 Bg4 25. Rc1 Be5 26. h3 Bc8 27. g4 Rf3 28. Rd1 Ba6 29. Bxa6 Rxb3 30. Bc4 Rg3+ 31. Kf2 Rb2+ 32. Be2 Rf3+ 0-1

[Event "*** Titled Tuesday Blitz"]
[Site "Chess.com"]
[Date "2020.11.24"]
[Round "6"]
[White "saraswathii"]
[Black "Mazetovic"]
[Result "0-1"]
[WhiteElo "2413"]
[BlackElo "2774"]
[TimeControl "180+1"]
[EndTime "11:21:01 PST"]
[Termination "Mazetovic won by resignation"]

1. e4 c5 2. d3 Nc6 3. Nf3 g6 4.
g3 Bg7 5. Bg2 e5 6. O-O d6 7. c3 Nge7 8. a3 h6 9. b4 O-O 10. Nbd2 f5 11. Qb3+ Kh7 12. Nh4 f4 13.
Nc4 g5 14. Nf3 Ng6 15. Nfd2 g4 16. f3 h5 17. b5 Nce7 18. a4 Ng8 19. Rf2 Nh6 20. Nf1 h4 21. a5 hxg3 22. hxg3 fxg3 23. Nxg3 Qh4 24. Nf1 g3 25. Re2 Be6 26. Qd1 Nf4 27. Rc2 Nf7 28. Rd2 Bh6 29. Qe1 Rg8 30. Nce3 Ng5 31.
Nf5 Ngh3+ 32. Bxh3 Nxh3+ 33. Kg2 Bxf5 34. exf5 Bxd2 35.
Bxd2 Nf4+ 36. Bxf4 exf4 37. Qe4 Rae8 38. Qxb7+ Rg7 39. Qd5 Re2+ 40. Kg1 g2 0-1

[Event "*** Titled Tuesday Blitz"]
[Site "Chess.com"]
[Date "2020.11.24"]
[Round "6"]
[White "CraiggoryC"]
[Black "AsaHoffmann"]
[Result "0-1"]
[WhiteElo "2150"]
[BlackElo "2388"]
[TimeControl "180+1"]
[EndTime "11:21:04 PST"]
[Termination "AsaHoffmann won on time"]

1. e4 d6 2. d4 Nf6 3. Nc3 c6 4. f4 Qa5 5. e5 Ne4 6. Qf3 Bf5 7.
Bd3 d5 8. Ne2 e6 9. O-O Nxc3 10.
bxc3 g6 11. g4 Bxd3 12. Qxd3 Qa6 13. Qe3 Nd7 14. f5 gxf5 15. gxf5 O-O-O 16. Kh1 Rg8 17. Rf2 c5 18. Qh3 cxd4 19. cxd4 h5 20. Nf4 Re8 21.
fxe6 fxe6 22. Qxh5 Ba3 23. Bxa3 Qxa3 24. Rf3 Qb2 25. Rd1 Qxc2 26. Rb3 Qe4+ 27. Qf3 Nb6 28. Qxe4 dxe4 29. Rc1+ Kb8 30. Rbc3 Rgf8 0-1

[Event "*** Titled Tuesday Blitz"]
[Site "Chess.com"]
[Date "2020.11.24"]
[Round "6"]
[White "EdmundPlayer"]
[Black "StockholmMissile"]
[Result "1/2-1/2"]
[WhiteElo "2155"]
[BlackElo "2351"]
[TimeControl "180+1"]
[EndTime "11:21:04 PST"]
[Termination "Game drawn by repetition"]

1. e4 c6 2. d4 d5 3. Nd2 dxe4 4. Nxe4 Nf6 5. Nxf6+ exf6 6. c3 Bd6 7. Bd3 O-O 8. Qc2 h5 9. Ne2 Re8 10. O-O Nd7 11.
Bf4 Qc7 12. Bxd6 Qxd6 13. Ng3 h4 14. Nf5 Qf4 15. Rfe1 Rxe1+ 16. Rxe1 Nf8 17. Re8 Bxf5 18.
Rxa8 Bxd3 19. Qxd3 Qc1+ 20. Qf1 Qxb2 21. Rxa7 b5 22.
Qe1 Ne6 23. Ra8+ Nf8 24. h3 Qc2 25. Kh2 Qf5 26. Qe3 g5 27. Qe8 Qf4+ 28. Kg1 Qc1+ 29. Kh2 Qf4+ 30. Kg1 Qc1+ 31. Kh2 Qf4+ 1/2-1/2

[Event "*** Titled Tuesday Blitz"]
[Site "Chess.com"]
[Date "2020.11.24"]
[Round "6"]
[White "HaryKane"]
[Black "SerGo055"]
[Result "0-1"]
[WhiteElo "2584"]
[BlackElo "2485"]
[TimeControl "180+1"]
[EndTime "11:21:05 PST"]
[Termination "SerGo055 won by resignation"]

1. e4 d5 2. exd5 Qxd5 3. Nf3 Nf6 4. Be2 e5 5. O-O e4 6. Nc3 Qa5 7. Nd4 Qe5 8. Ndb5 a6 9. d4 Qe7 10. Na3 b5 11. Bg5 Bb7 12. Re1 h6 13. Bxf6 gxf6 14. Bxb5+ axb5 15. Naxb5 Na6 16. d5 f5 17. d6 cxd6 18. Nd5 Qe5 19. f4 Qxd5 20. Nd4 Bg7 21. c3 Bxd4+ 22. cxd4 Nb4 23. Qh5 Nc2 0-1

[Event "*** Titled Tuesday Blitz"]
[Site "Chess.com"]
[Date "2020.11.24"]
[Round "6"]
[White "PowerThinking2650"]
[Black "Meri-Arabidze"]
[Result "1-0"]
[WhiteElo "2369"]
[BlackElo "2580"]
[TimeControl "180+1"]
[EndTime "11:21:08 PST"]
[Termination "PowerThinking2650 won by checkmate"]

1. e4 c5 2. Nf3 e6 3. d4 cxd4 4. Nxd4 Nc6 5. Nc3 a6 6. Nxc6 bxc6 7. Bd3 d5 8. O-O Nf6 9. Qe2 Bb7 10. b3 Be7 11.
Bb2 O-O 12. Na4 Qc7 13. e5 Nd7 14. c4 Rfe8 15. Rac1 Nf8 16. c5 Nd7 17. f4 f5 18.
g4 g6 19. Kh1 Bf8 20. Rg1 Bg7 21. Bd4 a5 22. Rg3 Qc8 23. gxf5 exf5 24. Bxf5 Ba6 25.
Qg4 Nxe5 26. Bxe5 Qb7 27. Bxg6 hxg6 28. Qxg6 Re7 29. Rcg1 Ra7 30. Bxg7 Rxg7 31. Qe8+ Kh7 32. Rh3# 1-0

[Event "*** Titled Tuesday Blitz"]
[Site "Chess.com"]
[Date "2020.11.24"]
[Round "6"]
[White "geordie_derraugh"]
[Black "DoHoChess"]
[Result "0-1"]
[WhiteElo "2470"]
[BlackElo "2691"]
[TimeControl "180+1"]
[EndTime "11:21:09 PST"]
[Termination "DoHoChess won by resignation"]

1. e4 e5 2. Nf3 Nc6 3. d4 exd4 4. Bc4 Bc5 5. c3 Nf6 6. e5 d5 7. Bb5 Ne4 8. cxd4 Bb6 9. h3 O-O 10. O-O f6 11. Bxc6 bxc6 12. Nc3 fxe5 13. Nxe5 Ba6 14. Nxc6 Qd6 15. Nxe4 dxe4 16. Qb3+ Kh8 17. Ne5 Bxf1 18. Be3 Ba6 19. Nf7+ Rxf7 20. Qxf7 Rf8 21. Qh5 Bxd4 22. Rd1 Bd3 23. Bxd4 Qxd4 24. Qh4 Qxb2 25. a4 c5 26. Qe7 Qxf2+ 27. Kh1 c4 28. Rd2 Qf1+ 29.
Kh2 c3 30. Rd1 Qf4+ 31. Kg1 c2 0-1

[Event "*** Titled Tuesday Blitz"]
[Site "Chess.com"]
[Date "2020.11.24"]
[Round "6"]
[White "BJthechessgod"]
[Black "Ariadna_Atreides"]
[Result "1-0"]
[WhiteElo "2222"]
[BlackElo "2098"]
[TimeControl "180+1"]
[EndTime "11:21:09 PST"]
[Termination "BJthechessgod won by resignation"]

1. e4 c5 2. Nf3 d6 3. Bb5+ Bd7 4. Bxd7+ Qxd7 5. O-O Nf6 6. e5 dxe5 7. Nxe5 Qc8 8.
Nc3 e6 9. Qf3 Bd6 10. Nc4 Bc7 11.
d3 O-O 12. Bg5 Nbd7 13. Nb5 Ne5 14. Qe2 Nxc4 15. dxc4 Nd7 16. Rad1 a6 17. Nc3 Ne5 18. Ne4 f6 19. Bh4 b6 20. b3 Ng6 21. Bg3 Bxg3 22.
Nxg3 Nf4 23. Qf3 e5 24. Ne4 Rd8 25. Nc3 Ne6 26. Nd5 Nd4 27. Rxd4 Qb7 28. Rh4 Rab8 29. Qh5 h6 30. Qg6 Kh8 31. Nxf6 Rd6 32. Rxh6+ gxh6 33. Qxh6+ 1-0

[Event "*** Titled Tuesday Blitz"]
[Site "Chess.com"]
[Date "2020.11.24"]
[Round "6"]
[White "Tsyhanchuk_Stanislav"]
[Black "salomez"]
[Result "0-1"]
[WhiteElo "2225"]
[BlackElo "2155"]
[TimeControl "180+1"]
[EndTime "11:21:13 PST"]
[Termination "salomez won on time"]

1. e4 c5 2. Nf3 e6 3. d4 cxd4 4.
Nxd4 Nf6 5. Nc3 Nc6 6. Nxc6 bxc6 7. e5 Nd5 8. Ne4 Qc7 9. f4 Qb6 10. Bd3 Ba6 11. Qe2 Bxd3 12. Qxd3 Bb4+ 13. Ke2 O-O 14.
c3 Be7 15. h4 f5 16. Ng5 h6 17. Nf3 a5 18. h5 Rad8 19. Nh4 d6 20. Ng6 dxe5 21. Nxe5 Nxf4+ 22. Bxf4 Rxd3 23. Kxd3 Qxb2 24. Rad1 Rd8+ 25. Ke3 Bc5+ 0-1

[Event "*** Titled Tuesday Blitz"]
[Site "Chess.com"]
[Date "2020.11.24"]
[Round "6"]
[White "GukeshDommaraju"]
[Black "ShapkinAnatoliy"]
[Result "1-0"]
[WhiteElo "2890"]
[BlackElo "2650"]
[TimeControl "180+1"]
[EndTime "11:21:15 PST"]
[Termination "GukeshDommaraju won by resignation"]

1. e4 e5 2. Nf3 Nc6 3. Bb5 Nf6 4. O-O Nxe4 5. d4 Nd6 6. Bxc6 dxc6 7. dxe5 Nf5 8.
Qxd8+ Kxd8 9. h3 Ke8 10. Nc3 h5 11. b3 Be7 12. Bb2 Be6 13. Ne2 Rd8 14. Nf4 g5 15. Nxe6 fxe6 16. Rad1 Kf7 17. g3 Kg6 18. Kg2 c5 19. Nd2 Nd4 20. Bxd4 Rxd4 21. Nf3 Rxd1 22.
Rxd1 Rd8 23. Rxd8 Bxd8 24. g4 hxg4 25. hxg4 Be7 26. Ne1 Kf7 27. Kf3 Ke8 28. Ke4 Kd7 29. c4 c6 30. Nd3 b5 31. f4 gxf4 32. Kxf4 Ke8 33. g5 Kf7 34. Kg4 Kg6 35. Nf4+ Kf7 36.
g6+ Kg7 37. Kh5 1-0

[Event "*** Titled Tuesday Blitz"]
[Site "Chess.com"]
[Date "2020.11.24"]
[Round "6"]
[White "Morshynska"]
[Black "Skat2704"]
[Result "0-1"]
[WhiteElo "2267"]
[BlackElo "2375"]
[TimeControl "180+1"]
[EndTime "11:21:15 PST"]
[Termination "Skat2704 won by resignation"]

1. Nf3 d5 2. g3 Nf6 3. Bg2 e6 4. O-O Be7 5. d4 O-O 6. b3 b6 7. Bb2 Bb7 8. c4 c5 9. Ne5 Nbd7 10. e3 Qc7 11. Nxd7 Qxd7 12. dxc5 bxc5 13. cxd5 exd5 14. Nc3 Rfd8 15. Rc1 d4 16. exd4 Bxg2 17. Kxg2 cxd4 18. Na4 Ne4 19. Qd3 Ng5 20. h4 Qd5+ 21. f3 Ne6 22.
Qe4 Qa5 23. Rfd1 Bf6 24. Rd3 Re8 25. Qg4 h5 26. Qh3 Qb5 27. Rcd1 Nc7 28. R1d2 Nd5 29.
Qh1 Ne3+ 30. Kf2 Qf5 31. Qh2 Ng4+ 0-1

[Event "*** Titled Tuesday Blitz"]
[Site "Chess.com"]
[Date "2020.11.24"]
[Round "6"]
[White "swimmerchess"]
[Black "SlavenPastar"]
[Result "1-0"]
[WhiteElo "2786"]
[BlackElo "2497"]
[TimeControl "180+1"]
[EndTime "11:21:17 PST"]
[Termination "swimmerchess won by checkmate"]

1. e4 b6 2. d4 Bb7 3. Nc3 e6 4.
Bd3 Nf6 5. Nge2 d5 6. e5 Ng8 7.
Nb1 c5 8. c3 Ne7 9. O-O h5 10.
Nd2 g6 11. Nf3 Nf5 12. b4 Be7 13. bxc5 bxc5 14. Rb1 Bc6 15. g3 Kf8 16. h3 Kg7 17. Kg2 Qd7 18. Bd2 Ba4 19. Qc1 Nc6 20. Bg5 c4 21.
Bxf5 gxf5 22. h4 Rab8 23. Bf6+ Bxf6 24. exf6+ Kf8 25. Rxb8+ Nxb8 26. Qa3+ Kg8 27. Rb1 Na6 28. Ne5 Qe8 29. Nf4 Kh7 30. Rb7 Rf8 31. Nfg6 Rg8 32.
Rxf7+ Kh6 33. Qc1+ f4 34. Qxf4# 1-0

[Event "*** Titled Tuesday Blitz"]
[Site "Chess.com"]
[Date "2020.11.24"]
[Round "6"]
[White "PlotnikovPavel"]
[Black "HackingKid98"]
[Result "1-0"]
[WhiteElo "2484"]
[BlackElo "2321"]
[TimeControl "180+1"]
[EndTime "11:21:18 PST"]
[Termination "PlotnikovPavel won on time"]

1. e4 c6 2. d4 d5 3. e5 Bf5 4. h4 a6 5. c3 Qc7 6. Bf4 Bd7 7. Qd2 e6 8. Bd3 c5 9. Nf3 Bb5 10. O-O Bxd3 11. Qxd3 Ne7 12. Nbd2 Nd7 13. c4 dxc4 14. Nxc4 Nd5 15. Bg3 b5 16. Nd6+ Bxd6 17. exd6 Qb7 18. dxc5 Nxc5 19. Qd4 Na4 20. Qxg7 O-O-O 21. Rac1+ Kb8 22. Rc7 Nxc7 23. dxc7+ Ka8 24. cxd8=Q+ Rxd8 25. Ne5 Nxb2 26. Nxf7 Nc4 27. Qf6 Rf8 28. Qxe6 Rxf7 29. Rd1 Re7 30. Rd8+ Ka7 31. Bb8+ Ka8 32. Bd6+ Ka7 33.
Bc5+ Nb6 34. Bxe7 Qc7 35. Qe3 1-0

[Event "*** Titled Tuesday Blitz"]
[Site "Chess.com"]
[Date "2020.11.24"]
[Round "6"]
[White "Neftegor"]
[Black "Witik"]
[Result "1-0"]
[WhiteElo "2519"]
[BlackElo "2681"]
[TimeControl "180+1"]
[EndTime "11:21:19 PST"]
[Termination "Neftegor won by resignation"]

1. d4 Nf6 2. c4 g6 3. Nc3 d5 4. Nf3 Bg7 5. Qb3 dxc4 6. Qxc4 O-O 7. e4 a6 8. e5 b5 9. Qb3 Nfd7 10. e6 fxe6 11.
Be3 Nb6 12. h4 Nc6 13. Rd1 Nd5 14. h5 Qd6 15. hxg6 hxg6 16. Qc2 Nxe3 17. fxe3 Qg3+ 18. Kd2 e5 19. Ne4 Qg4 20. Rh4 Qd7 21. Kc1 exd4 22. Neg5 Rf5 23. Bd3 Nb4 24. Qb3+ Nd5 25. Bxf5 gxf5 26.
exd4 e6 27. Ne5 Qd6 28. Qh3 Nf6 29. Rh1 Kf8 30. Rh8+ Ke7 31. Rh7 Nxh7 32. Qxh7 Qxd4 33. Qxg7+ Kd6 34. Rd1 1-0

[Event "*** Titled Tuesday Blitz"]
[Site "Chess.com"]
[Date "2020.11.24"]
[Round "6"]
[White "parintele_chess"]
[Black "mapleaff"]
[Result "0-1"]
[WhiteElo "2195"]
[BlackElo "2396"]
[TimeControl "180+1"]
[EndTime "11:21:19 PST"]
[Termination "mapleaff won by resignation"]

1. c4 b6 2. Nf3 Bb7 3. g3 h5 4. h4 e6 5. Bg2 c5 6. O-O Nc6 7. b3 Nf6 8. Bb2 Qc7 9. d3 Be7 10. Nbd2 O-O-O 11. a3 Ng4 12. b4 Rhg8 13. bxc5 Bxc5 14. d4 Be7 15. d5 Na5 16. Qa4 Bc5 17.
Bd4 e5 18. Bxc5 Qxc5 19. Ne4 Qc7 20. c5 Bxd5 21. Nd6+ Kb8 22. cxb6 Qxd6 23. bxa7+ Ka8 24. Qxa5 e4 25. Rad1 Nf6 26. Ng5 Qc6 27. Rxd5 Qxd5 28. Nxe4 Qxa5 0-1

[Event "*** Titled Tuesday Blitz"]
[Site "Chess.com"]
[Date "2020.11.24"]
[Round "6"]
[White "Gevo1990"]
[Black "WildTricks"]
[Result "1-0"]
[WhiteElo "2592"]
[BlackElo "2457"]
[TimeControl "180+1"]
[EndTime "11:21:21 PST"]
[Termination "Gevo1990 won by resignation"]

1. e4 g6 2. d4 Bg7 3. Nc3 d6 4. Bf4 Nc6 5. Nf3 Bg4 6. d5 Nd4 7. Be2 Nxe2 8. Qxe2 Nf6 9. h3 Bxf3 10. Qxf3 O-O 11.
O-O-O Nd7 12. Be3 Bxc3 13. bxc3 c5 14. Bf4 Qa5 15. h4 h5 16. g4 hxg4 17. Qg3 Nf6 18. f3 Qxc3 19. h5 gxf3 20. Rde1 Qa1+ 21. Kd2 Qd4+ 22.
Kc1 Nxe4 23. Rxe4 Qxe4 24. Qh4 Kg7 25. Bh6+ Kg8 26. Qxe4 1-0

[Event "*** Titled Tuesday Blitz"]
[Site "Chess.com"]
[Date "2020.11.24"]
[Round "6"]
[White "FMalexhdez"]
[Black "Snegokhod"]
[Result "0-1"]
[WhiteElo "2290"]
[BlackElo "2427"]
[TimeControl "180+1"]
[EndTime "11:21:21 PST"]
[Termination "Snegokhod won by resignation"]

1. e4 e5 2. Nf3 f6 3. Nxe5 fxe5 4. Qh5+ Ke7 5. d4 d6 6. Bc4 Qe8 7. Qh4+ Nf6 8. Nc3 Be6 9. d5 Bc8 10. f4 Nd7 11. f5 Qh5 12. Qf2 a6 13. a4 Nc5 14.
Qe3 Qh4+ 15. g3 Qh3 16. Bd2 Bd7 17. b4 Ncxe4 18. Nxe4 Qg2 19. Nf2 Nxd5 20. Bxd5 Qxd5 21. Qg5+ Ke8 22. O-O Bc6 23. Qh4 0-1

[Event "*** Titled Tuesday Blitz"]
[Site "Chess.com"]
[Date "2020.11.24"]
[Round "6"]
[White "vladgoncharov"]
[Black "burbur555"]
[Result "1/2-1/2"]
[WhiteElo "2485"]
[BlackElo "2597"]
[TimeControl "180+1"]
[EndTime "11:21:25 PST"]
[Termination "Game drawn by agreement"]

1. d4 d5 2. c4 e6 3. Nc3 Nf6 4. Bg5 Be7 5. e3 c6 6. cxd5 exd5 7. Bd3 Bg4 8. Qc2 Bh5 9. Nge2 Bg6 10. Ng3 Bxd3 11. Qxd3 h6 12. Bxf6 Bxf6 13. O-O O-O 14. b4 a6 15. a4 Nd7 16. b5 axb5 17. axb5 Nb6 18. h3 Nc4 19. bxc6 bxc6 20. e4 Qb6 21. Rxa8 Rxa8 22. exd5 Qxd4 23. Qxd4 Bxd4 24. Nce2 Be5 25. dxc6 Rc8 26. Nf5 Kf8 27. Rc1 Rxc6 28. f4 Bf6 29. Ned4 Rc8 30. Nb5 Nb6 31. Rxc8+ Nxc8 32. Kf2 h5 33.
Kf3 g6 34. Nfd6 Nxd6 35. Nxd6 Ke7 36. Ne4 Bd4 37. f5 Be5 38. g4 hxg4+ 39. hxg4 gxf5 40. gxf5 Kd7 41. Ng5 1/2-1/2

[Event "*** Titled Tuesday Blitz"]
[Site "Chess.com"]
[Date "2020.11.24"]
[Round "6"]
[White "AungTZ"]
[Black "CM_rui"]
[Result "0-1"]
[WhiteElo "2126"]
[BlackElo "2376"]
[TimeControl "180+1"]
[EndTime "11:21:27 PST"]
[Termination "CM_rui won by checkmate"]

1. e4 e6 2. d4 Ke7 3. Nc3 Nf6 4.
Bd2 g6 5. f3 Bg7 6. Be2 Re8 7.
Nh3 Kf8 8. g4 Kg8 9. g5 Nh5 10. Bd3 d6 11. Qe2 Bxd4 12. O-O-O a6 13. f4 b5 14. Qg2 Bb7 15. Be2 Ng7 16. Bh5 Nxh5 17. Ne2 Bg7 18. Ng3 Nxg3 19. Nf2 Ne2+ 20. Kb1 Nd7 21. Qf3 Nd4 22. Qg2 Nc5 23. h4 Na4 24. h5 Qd7 25. Bc1 Qc6 26. c3 Nxc3+ 27.
bxc3 Qxc3 28. Ng4 Nf3 29. Nf6+ Bxf6 30. gxf6 Bxe4+ 31. Rd3 Bxd3+ 32. Qc2 Bxc2# 0-1

[Event "*** Titled Tuesday Blitz"]
[Site "Chess.com"]
[Date "2020.11.24"]
[Round "6"]
[White "Azerichess"]
[Black "NikolaGry"]
[Result "1-0"]
[WhiteElo "2961"]
[BlackElo "2731"]
[TimeControl "180+1"]
[EndTime "11:21:28 PST"]
[Termination "Azerichess won by resignation"]

1. d4 d5 2. Nf3 Nc6 3. Bf4 Bg4 4. Nbd2 e6 5. e3 Bd6 6. Bg3 Nge7 7. c3 e5 8. dxe5 Nxe5 9. Qb3 Nxf3+ 10. gxf3 Be6 11.
Qxb7 O-O 12. Qa6 Nf5 13. Nb3 Rb8 14. Bd3 Rb6 15. Qxa7 Nxg3 16. hxg3 h6 17. Bc2 Bd7 18. O-O-O Qf6 19. f4 Bc6 20. e4 dxe4 21. Qa5 Ra8 22.
Qh5 Rxa2 23. Rd4 Qe7 24. Re1 Ba3 25. bxa3 Qxa3+ 26. Kd1 Rxc2 27. Rd8+ 1-0

[Event "*** Titled Tuesday Blitz"]
[Site "Chess.com"]
[Date "2020.11.24"]
[Round "6"]
[White "louis198"]
[Black "Zkid"]
[Result "0-1"]
[WhiteElo "2547"]
[BlackElo "2799"]
[TimeControl "180+1"]
[EndTime "11:21:28 PST"]
[Termination "Zkid won by resignation"]

1. d4 d5 2. Bf4 Nf6 3. e3 c5 4. Nd2 e6 5. Ngf3 Bd6 6. Bg3 O-O 7. c3 Qc7 8. Bd3 Nbd7 9. e4 dxe4 10. Nxe4 Nxe4 11.
Bxe4 Nf6 12. Bc2 Rd8 13. Qe2 cxd4 14. Nxd4 Bxg3 15. hxg3 e5 16. Nf5 e4 17. Ne3 Be6 18.
g4 Qf4 19. g3 Qg5 20. Rh4 b5 21. Bb3 Rd3 22. Bxe6 fxe6 23. Nc2 Rad8 24. Nd4 Rd6 25. Rd1 e5 26. Rxd3 exd3 27. Nf3 Qxh4 0-1

[Event "*** Titled Tuesday Blitz"]
[Site "Chess.com"]
[Date "2020.11.24"]
[Round "6"]
[White "freshfoodcompany"]
[Black "Limelight2727"]
[Result "1-0"]
[WhiteElo "2365"]
[BlackElo "1936"]
[TimeControl "180+1"]
[EndTime "11:21:29 PST"]
[Termination "freshfoodcompany won by checkmate"]

1. d4 d5 2. c4 c6 3. Nc3 Nf6 4.
Nf3 e6 5. Bg5 Be7 6. e3 h6 7.
Bh4 Ne4 8. Bxe7 Qxe7 9. Qc2 Nxc3 10. Qxc3 Nd7 11. Bd3 dxc4 12. Bxc4 O-O 13. O-O b5 14. Be2 Bb7 15. Nd2 e5 16. Bf3 exd4 17. exd4 Nb6 18. Ne4 Na4 19. Qc2 c5 20. b3 Nb6 21. Qxc5 Qxc5 22.
dxc5 Nd5 23. Nd6 Bc6 24. Bxd5 Bxd5 25. Nxb5 Rfc8 26. Rac1 a5 27. Nd6 Rc6 28. Rfd1 Be6 29. Nb5 a4 30. Nd4 Rc7 31. Nxe6 fxe6 32. b4 Rb8 33. a3 Kf7 34. f3 Ke7 35. Rd6 Rd7 36.
Rcd1 Rxd6 37. Rxd6 Rf8 38. Ra6 Rf5 39. Rxa4 Rd5 40. Ra7+ Kf6 41. c6 Rd1+ 42. Kf2 Rc1 43.
b5 Rc2+ 44. Kg3 g5 45. c7 h5 46. b6 h4+ 47. Kh3 Kf5 48. Ra5+ e5 49. b7 Rc3 50.
c8=Q+ Rxc8 51. bxc8=Q+ Kf4 52. Qg4+ Ke3 53. Rxe5+ Kf2 54.
Qd4+ Kf1 55. Qd1+ Kf2 56. Qe1# 1-0